 Dungeon Crawl Stone Soup version 0.26.0-16-gc1dbca0489 (webtiles) character file.

Game seed: 5809308476800053946

1615216 EnegeticOcto the Slayer (level 25, 172/172 HPs)
             Began as a Tengu Earth Elementalist on Jan 17, 2021.
             Was a High Priest of Okawaru.
             Escaped with the Orb
             ... and 3 runes!
             The game lasted 02:00:59 (74893 turns).

EnegeticOcto the Slayer (Tengu Earth Elementalist) Turns: 74893, Time: 02:01:00

Health: 172/172    AC: 48    Str: 34    XL:     25
Magic:  22/29      EV: 42    Int: 21    God:    Okawaru [*****.]
Gold:   2236       SH: 30    Dex: 35    Spells: 25/34 levels left

rFire    . . .     SeeInvis .   a - +9 demon whip (flame)
rCold    + + +     Faith    +   u - +1 tower shield "Vurynod" {Str+3 Dex+4}
rNeg     . . .     Spirit   .   S - +10 crystal plate armour of Yesterday {rC++ Dex+4}
rPois    .         Reflect  .   (helmet restricted)
rElec    +         Harm     .   q - +1 cloak {Will+}
rCorr    .         Rampage  .   c - +0 pair of gloves of Dramatic Exits {Str+4 Dex+6 Slay+3}
Will     ++...                  (boots unavailable)
Stlth    ..........             W - amulet "Leqaun" {Faith Str+7 Int-2}
HPRegen  0.38/turn              r - ring "Fiamp" {+Blink rElec Str+6 Int+4 Dex-2}
MPRegen  0.21/turn              O - ring "Qutrer" {rC+ EV+4 Str-2 Dex+5 Slay+3, =R}

@: heroism, finesse, flying quickly and evasively, quick
A: beak, talons 3, iridescent scales 1, thin skeletal structure 1, low mp 1,
inability to drink while threatened, inability to use devices, disrupted magic
1, inexperienced 1, able to fly
0: Orb of Zot
}: 3/15 runes: barnacled, silver, gossamer
a: Stop Flying, Renounce Religion, Heroism, Finesse


You escaped.
You worshipped Okawaru.
Okawaru was extremely pleased with you.
You visited 9 branches of the dungeon, and saw 49 of its levels.
You visited 1 bazaar.
You also visited: Bailey and Ice Cave.

You collected 8117 gold pieces.
You spent 5881 gold pieces at shops.

Inventory:

Hand Weapons
 a - a +9 demon whip of flaming (weapon)
   (Okawaru gifted it to you on level 5 of the Lair of Beasts)
 l - a +0 dagger of distortion
   (You took it off Psyche on level 12 of the Dungeon)
 n - a +8 demon whip of draining
   (You took it off a hell knight on level 4 of the Depths)
 p - the +3 giant club "Skullcrusher" {speed, Str+7}
   (You found it on level 12 of the Dungeon)

   Attacks with this weapon are significantly faster.
   It affects your strength (+7).
Missiles
 d - 15 boomerangs
 h - 97 javelins
 j - 10 throwing nets {!f}
 t - 10 silver boomerangs (quivered)
 D - 5 silver javelins
 L - 20 curare-tipped darts
 P - a boomerang of dispersal
Armour
 c - the +0 pair of gloves of Dramatic Exits (worn) {Str+4 Dex+6 Slay+3}
   (You found it on level 2 of the Vaults)

   It affects your strength (+4).
   It affects your dexterity (+6).
   It affects your accuracy and damage with ranged weapons and melee attacks
   (+3).
 q - a +1 cloak of willpower (worn)
   (Okawaru gifted it to you on level 2 of the Elven Halls)
 u - the +1 tower shield "Vurynod" (worn) {Str+3 Dex+4}
   (You found it on level 9 of the Dungeon)

   It affects your strength (+3).
   It affects your dexterity (+4).
 y - a scarf of resistance
   (You found it on level 9 of the Dungeon)
 S - the +10 crystal plate armour of Yesterday (worn) {rC++ Dex+4}
   (You bought it in a shop on level 15 of the Dungeon)

   It affects your dexterity (+4).
   It greatly protects you from cold.
 V - +0 gold dragon scales
   (You found it on level 5 of the Depths)
Jewellery
 g - the ring "Woatex" {Dex+5 Stlth+}
   (You took it off a deep elf elementalist on level 3 of the Elven Halls)

   [ring of stealth]

   It affects your dexterity (+5).
   It makes you more stealthy.
 r - the ring "Fiamp" (left hand) {+Blink rElec Str+6 Int+4 Dex-2}
   (You acquired it on level 5 of the Lair of Beasts)

   [ring of strength]

   It affects your strength (+6).
   It affects your intelligence (+4).
   It affects your dexterity (-2).
   It insulates you from electricity.
   It lets you blink.
 w - the ring of Wariness {rPois Dex+6}
   (You acquired it on level 2 of the Lair of Beasts)

   [ring of dexterity]

   It affects your dexterity (+6).
   It protects you from poison.
 A - the ring "Fuelueq" {rCorr Dex+3}
   (You found it on level 5 of the Vaults)

   [ring of resist corrosion]

   It affects your dexterity (+3).
   It provides partial protection from all sources of acid and corrosion.
 H - the ring of Buzuluq {rF+ Will+ Str+3}
   (You found it on level 4 of the Spider Nest)

   [ring of willpower]

   It affects your strength (+3).
   It protects you from fire.
   It affects your willpower, your defense against some magical effects.
 K - an uncursed ring of positive energy
   (You found it on level 9 of the Dungeon)
 O - the ring "Qutrer" (right hand) {rC+ EV+4 Str-2 Dex+5 Slay+3, =R}
   (You acquired it on level 4 of the Lair of Beasts)

   [ring of evasion]

   It affects your evasion (+4).
   It affects your strength (-2).
   It affects your dexterity (+5).
   It affects your accuracy and damage with ranged weapons and melee attacks
   (+3).
   It protects you from cold.
 W - the amulet "Leqaun" (around neck) {Faith Str+7 Int-2}
   (You bought it in a shop on level 4 of the Depths)

   [amulet of faith]

   It allows you to gain divine favour quickly.
   It affects your strength (+7).
   It affects your intelligence (-2).
Scrolls
 e - 16 scrolls of remove curse {@r2}
 s - 8 scrolls of identify {@r1}
 x - 17 scrolls of teleportation {@r3 !r}
 C - 4 scrolls of immolation
 G - 6 scrolls of blinking {@r4}
 I - 4 scrolls of magic mapping {@r5 !r}
 N - 3 scrolls of fear {!r}
 Q - 3 scrolls of summoning
 R - a scroll of silence
 T - 5 scrolls of fog {!r}
 U - 2 scrolls of enchant armour
Potions
 b - a potion of berserk rage
 f - a potion of mutation
 i - 9 potions of might {@q3 !q}
 k - 6 potions of magic
 m - 5 potions of attraction
 o - 2 potions of cancellation
 v - 9 potions of invisibility
 z - 2 potions of resistance
 B - 22 potions of curing {@q1 !q}
 E - 3 potions of ambrosia
 F - 15 potions of heal wounds {@q2 !q}
 J - 8 potions of haste {@q4 !q}
 M - 3 potions of lignification {@q6}


   Skills:
 + Level 21.4(26.4) Fighting
 - Level 12.0(17.0) Maces & Flails
 - Level 4.0(16.3) Slings
 - Level 15.8(21.0) Throwing
 + Level 21.3(26.3) Armour
 + Level 18.7(23.7) Dodging
 - Level 3.0(8.0) Stealth
 - Level 20.0(25.0) Shields
 - Level 5.0 Spellcasting
 - Level 10.0 Conjurations
 - Level 6.0 Hexes
 - Level 6.0 Translocations
 - Level 0.7 Transmutations
 - Level 4.0 Earth Magic
 - Level 12.0 Invocations


You had 25 spell levels left.
You knew the following spells:

 Your Spells              Type           Power        Failure   Level
a - Sandblast             Erth           44%          14%         1
b - Stone Arrow           Conj/Erth      68%          13%         3
c - Portal Projectile     Hex/Tloc       60%          19%         3
p - Passwall              Tmut/Erth      12%          36%         2

Your spell library contained the following spells:

 Spells                   Type           Power        Failure   Level
 Magic Dart               Conj           100%         1%          1
 Searing Ray              Conj           94%          2%          2
 Dazzling Flash           Conj/Hex       76%          9%          3
 Foxfire                  Conj/Fire      100%         10%         1
 Shock                    Conj/Air       100%         10%         1
 Blink                    Tloc           N/A          10%         2
 Slow                     Hex            30%          10%         2
 Gell's Gravitas          Tloc           15%          19%         3
 Conjure Flame            Conj/Fire      26%          26%         3
 Static Discharge         Conj/Air       26%          26%         3
 Fulminant Prism          Conj/Hex       19%          26%         4
 Iskenderun's Mystic Bla  Conj/Tloc      38%          26%         4
 Iskenderun's Battlesphe  Conj           47%          30%         5
 Beastly Appendage        Tmut           16%          45%         1
 Mephitic Cloud           Conj/Pois/Air  19%          45%         3
 Cause Fear               Hex            15%          47%         4
 Inner Flame              Hex/Fire       17%          50%         3
 Summon Guardian Golem    Hex/Summ       17%          50%         3
 Animate Skeleton         Necr           10%          54%         1
 Pain                     Necr           20%          54%         1
 Summon Small Mammal      Summ           20%          54%         1
 Wereblood                Tmut           8%           58%         2
 Sticky Flame             Conj/Fire      26%          63%         4
 Call Imp                 Summ           5%           67%         2
 Corpse Rot               Necr/Air       N/A          67%         2
 Sublimation of Blood     Necr           2%           67%         2
 Swiftness                Air            5%           67%         2
 Spider Form              Tmut/Pois      3%           85%         3
 Ignite Poison            Fire/Tmut/Pois 6%           86%         3
 Call Canine Familiar     Summ           5%           88%         3
 Vampiric Draining        Necr           2%           88%         3
 Irradiate                Conj/Tmut      13%          88%         5
 Fireball                 Conj/Fire      13%          91%         5
 Lightning Bolt           Conj/Air       13%          91%         5
 Petrify                  Tmut/Erth      15%          92%         4
 Bolt of Magma            Conj/Fire/Erth 12%          95%         5
 Lee's Rapid Deconstruct  Erth           11%          97%         5
 Airstrike                Air            2%           99%         4
 Animate Dead             Necr           2%           99%         4
 Ice Form                 Ice/Tmut       6%           99%         4
 Summon Ice Beast         Ice/Summ       5%           99%         4
 Summon Lightning Spire   Summ/Air       5%           99%         4
 Metabolic Englaciation   Hex/Ice        8%           99%         5
 Silence                  Hex/Air        8%           99%         5
 Yara's Violent Unravell  Hex/Tmut       9%           99%         5
 Iron Shot                Conj/Erth      17%          99%         6
 Agony                    Necr           5%           100%        5
 Alistair's Intoxication  Tmut/Pois      4%           100%        5
 Blade Hands              Tmut           4%           100%        5
 Borgnjor's Vile Clutch   Necr/Erth      6%           100%        5
 Summon Demon             Summ           2%           100%        5
 Dispersal                Tloc           15%          100%        6
 Eringya's Noxious Bog    Tmut/Pois      3%           100%        6
 Freezing Cloud           Conj/Ice/Air   9%           100%        6
 Hydra Form               Tmut           4%           100%        6
 Ozocubu's Refrigeration  Ice            2%           100%        6
 Simulacrum               Ice/Necr       2%           100%        6
 Starburst                Conj/Fire      13%          100%        6
 Statue Form              Tmut/Erth      10%          100%        6
 Dragon Form              Tmut           4%           100%        7
 Orb of Destruction       Conj           23%          100%        7
 Spellforged Servitor     Conj/Summ      13%          100%        7
 Discord                  Hex            15%          100%        8
 Disjunction              Tloc           15%          100%        8
 Ignition                 Fire           2%           100%        8
 Dragon's Call            Summ           2%           100%        9


Dungeon Overview and Level Annotations

Branches:
Dungeon (15/15)            Temple (0/1) D:7            Lair (6/6) D:10
 Shoals (4/4) Lair:2       Spider (4/4) Lair:4        Slime (0/5) Lair:5
    Orc (2/2) D:11            Elf (3/3) Orc:2        Vaults (5/5) D:13
  Crypt (0/3) Vaults:3     Depths (5/5) D:15            Zot (5/5) Depths:5
 Bailey (visited)           IceCv (visited)

Altars:
Ashenzari
Fedhas
Gozag
Kikubaaqudgha
Makhleb
Nemelex Xobeh
Okawaru
Ru
Sif Muna
Trog
Uskayaw
Vehumet
Xom
Yredelemnul
Zin
The Shining One
Beogh
Jiyva
Lugonu

Shops:
D:7 *!   D:12 *   D:15 *   Orc:2 ?([(   Elf:2 *   Elf:3 }   Vaults:1 :}![:
Vaults:3 *   Vaults:5 (   Depths:1 *   Depths:2 *   Depths:4 }==

Portals:
Hell: Depths:1 Depths:2 Depths:4 Depths:5
Abyss: Depths:4
Pandemonium: Depths:2 Depths:3 Depths:4
Ziggurat: Depths:5
Trove: Elf:2 (give +3 gold dragon scales)

Annotations:
D:8 1 exclusion
D:12 3 runed translucent doors, exclusion: obsidian statue, Afrar's ghost, journeyman FoFi
Lair:2 exclusion: 4 oklob plants
Lair:3 1 runed translucent door
Elf:2 3 runed translucent doors
Vaults:1 36 runed doors
Depths:5 1 runed translucent door
Zot:5 1 exclusion


Innate Abilities, Weirdness & Mutations

You have a beak for a mouth.
You have claws for feet.
Your magical capacity is low. (-10% MP)
You cannot drink potions while threatened.
You cannot study or use magical devices.
Your casting is slightly disrupted.
You are somewhat inexperienced. (-2 XL)
You can fly continuously.
You are partially covered in iridescent scales. (AC +2)
You have a somewhat thin skeletal structure. (Dex +2, Stealth)


Message History

Throw: 10 boomerangs (silver)
Press: ? - help, Q - select action, (/) - cycle Shift-Dir - straight line, f - Hell Sentinel
Aim: a Hell Sentinel You throw a silver boomerang.
The silver boomerang hits the Hell Sentinel but does no damage.
The Hell Sentinel is lightly wounded.
Throw: 10 boomerangs (silver)
Press: ? - help, Q - select action, (/) - cycle Shift-Dir - straight line, f/p - Hell Sentinel
Aim: a Hell Sentinel (lightly wounded)
You throw a silver boomerang.
The silver boomerang hits the Hell Sentinel!
The Hell Sentinel is lightly wounded.
The Hell Sentinel gestures at you. You block the iron shot.
Throw: 10 boomerangs (silver)
Press: ? - help, Q - select action, (/) - cycle Shift-Dir - straight line, f/p - Hell Sentinel
Aim: a Hell Sentinel (lightly wounded)
You throw a silver boomerang.
The silver boomerang hits the Hell Sentinel but does no damage.
The Hell Sentinel is lightly wounded.
Throw: 10 boomerangs (silver)
Press: ? - help, Q - select action, (/) - cycle Shift-Dir - straight line, f/p - Hell Sentinel
Aim: a Hell Sentinel (lightly wounded)
You throw a silver boomerang.
The silver boomerang hits the Hell Sentinel but does no damage.
The Hell Sentinel is lightly wounded.
Throw: 10 boomerangs (silver)
Press: ? - help, Q - select action, (/) - cycle Shift-Dir - straight line, f/p - Hell Sentinel
Aim: a Hell Sentinel (lightly wounded)
You throw a silver boomerang.
The silver boomerang hits the Hell Sentinel!!!
The Hell Sentinel is moderately wounded.
Throw: 10 boomerangs (silver)
Press: ? - help, Q - select action, (/) - cycle Shift-Dir - straight line, f/p - Hell Sentinel
Aim: a Hell Sentinel (moderately wounded)
You throw a silver boomerang.
The silver boomerang hits the Hell Sentinel!!!
The Hell Sentinel is almost dead.
Throw: 10 boomerangs (silver)
Press: ? - help, Q - select action, (/) - cycle Shift-Dir - straight line, f/p - Hell Sentinel
Aim: a Hell Sentinel (almost dead)
You throw a silver boomerang.
The silver boomerang hits the Hell Sentinel!!!
You kill the Hell Sentinel!
Okawaru accepts your kill.
(D) Dungeon (T) Temple (L) Lair (A) Shoals (N) Spider Nest (M) Slime Pits (O) Orcish Mines (E) Elven Halls (V) Vaults (C) Crypt (U) Depths (H) Hell (Z) Zot
Where to? (Enter - D:1 @ (x,y), ? - help)
A large abomination and a lich come into view.
The lich shouts!
There is a stone staircase leading up here.
The lich points at you and mumbles some strange words.
You resist with almost no effort.
Something buzzes, "Get thee hence, thou yeasty clapper-clawed skainsmate!"
You fly upwards.
There is a stone staircase leading down here.
(D) Dungeon (T) Temple (L) Lair (A) Shoals (N) Spider Nest (M) Slime Pits (O) Orcish Mines (E) Elven Halls (V) Vaults (C) Crypt (U) Depths (H) Hell (Z) Zot
Where to? (Enter - D:1 @ (x,y), ? - help)
You feel like a meek peon again.
Magic restored.
There is a stone staircase leading up, spattered with blood here.
You fly upwards.
There is a stone staircase leading down here.
Your hands slow down.
There is a stone staircase leading up here.
You fly upwards.
There is a stone staircase leading down here.
There is an open door here.
There is an escape hatch in the ceiling here.
Really go through this one-way escape hatch?
A mysterious force pulls you upwards. The hatch slams shut behind you.
(D) Dungeon (T) Temple (L) Lair (A) Shoals (N) Spider Nest (M) Slime Pits (O) Orcish Mines (E) Elven Halls (V) Vaults (C) Crypt (U) Depths (H) Hell (Z) Zot
Where to? (Enter - D:1 @ (x,y), ? - help)
There is a stone staircase leading up here.
You fly upwards.
There is a stone staircase leading down here.
There is a stone staircase leading up here.
You fly upwards.
There is a stone staircase leading down here.
You see here a +0 club.
There is a staircase leading out of the dungeon here.
You gain the combat prowess of a mighty hero.
You can now deal lightning-fast blows.
You're wearing all the rings you can.
Remove which one? (? for menu, Esc to cancel) < or
r - the ring "Fiamp" {+Blink rElec Str+6 Int+4 Dex-2} > or
H - the ring of Buzuluq {rF+ Will+ Str+3} You remove the ring of Buzuluq {rF+ Will+ Str+3}.
You feel weaker.
You feel agile.
O - the ring "Qutrer" (right hand) {rC+ EV+4 Str-2 Dex+5 Slay+3, =R} You have escaped!

# #.# #...........#.##>.#
#.###.#########.#.##..#
#.[...#.# #.#.##..# #######.#
#.#.##..# # #.# #.#.##..# ##
#.# #.#.##..#### .# ### #.#
#.#..#.....#
.####8#####[#######.##.##.##.#
...)............@##.##.#.....#
#####8#####.#######.##.#..####
# #### #.# #.##.#..####### #.#
#.# #.##.#.......†# #.# #.#
#.##.#.######.# ## #.# #.#
#.##....#####.# .# #.#
#.#######.##.......##.# .# #.#
###.......###....#.##)# .# #.#
#.####### #.###......


There were no monsters in sight!

Vanquished Creatures
  An orb of fire (Zot:5)
  2 ancient liches (Zot:5)
  Mara (Vaults:4)
  2 curse toes
  Margery (Vaults:4)
  4 golden dragons
  A Tzitzimitl (D:14)
  14 tentacled monstrosities
  2 liches
  A Hell Sentinel (D:7)
  A titan (Vaults:4)
  8 Orb Guardians (Zot:5)
  7 quicksilver dragons
  A deep elf blademaster (Elf:3)
  2 deep elf master archers (Elf:3)
  6 krakens
  3 death cobs
  6 sphinxes
  6 shadow dragons
  The ghost of caaleb the Impaler, an adept DsGl of Trog (Spider:4)
  2 draconian monks
  2 storm dragons
  7 tengu reavers
  4 iron dragons
  12 frost giants
  11 fire giants
  3 large abominations
  6 draconian scorchers
  A cacodemon (Depths:3)
  4 ghost moths
  10 deep elf sorcerers
  11 vault wardens
  Aizul (Lair:2)
  Louise (Depths:4)
  A curse skull (Vaults:3)
  3 draconian knights
  A draconian shifter (Zot:1)
  9 ironheart preservers
  5 draconian annihilators
  4 deep elf elementalists
  2 spriggan defenders
  7 draconian stormcallers
  2 war gargoyles (Vaults:5)
  A reaper (Depths:2)
  10 emperor scorpions
  33 very ugly things
  20 stone giants
  2 black draconians
  5 vampire knights
  8 deep elf demonologists
  5 green draconians
  6 deep elf annihilators
  A lorocyproca (D:15)
  12 red draconians
  5 yellow draconians
  7 spark wasps
  A bunyip (shapeshifter) (Vaults:5)
  3 purple draconians
  An entropy weaver (Spider:3)
  18 ettins
  2 white draconians
  11 deep elf death magi
  A crystal guardian (Vaults:3)
  3 merfolk javelineers (Shoals:4)
  11 jiangshi
  8 fire dragons
  8 deep elf high priests
  7 merfolk impalers
  5 small abominations
  12 great orbs of eyes
  Josephine (D:11)
  17 yaktaur captains
  Harold (Orc:1)
  The ghost of Suk Xiy the Grappler, a journeyman DrTm of Yredelemnul (Lair:2)
  Erolcha (D:9)
  9 boulder beetles
  A hell beast (Depths:4)
  2 catoblepae
  5 rakshasas
  An anaconda (shapeshifter) (Depths:4)
  15 ice dragons
  33 vault guards
  A merfolk avatar (Shoals:1)
  17 hydras
  A spriggan air mage (Depths:4)
  16 centaur warriors
  The ghost of Acheron the Grappler, a novice TrAE (Lair:6)
  Erica (Orc:1)
  18 dancing weapons
  A two-headed ogre (shapeshifter) (Depths:4)
  6 deep troll shamans
  3 satyrs
  8 death scarabs (Spider:4)
  13 ogre magi
  32 two-headed ogres
  A death knight (D:15)
  6 tengu warriors
  6 merfolk aquamancers
  A spriggan berserker (Depths:3)
  8 deep troll earth magi
  24 deep elf knights
  18 hell knights
  2 sun demons
  5 orc high priests
  9 vampire magi
  Urug (D:12)
  A shadow wraith (Vaults:4)
  2 salamander mystics (Depths:4)
  A fire crab (shapeshifter) (Vaults:4)
  8 sea snakes
  2 sixfirhies
  An unseen horror (Vaults:1)
  An iron troll (Depths:2)
  4 skeletal warriors
  25 deep trolls
  A glowing orange brain (Depths:3)
  20 deep elf archers
  2 wizards
  A lindwurm (Lair:3)
  A lindwurm (shapeshifter) (Elf:3)
  2 gelid demonspawn
  22 orc knights
  4 phantasmal warriors
  Pikel (D:4)
  3 spectral wolf spiders (Spider:4)
  A tengu zombie (Vaults:3)
  63 deep elf magi
  A wolf spider zombie (Spider:4)
  9 necromancers
  2 tengu skeletons (Vaults:3)
  13 ironbrand convokers
  40 wolf spiders
  8 harpies
  9 orc sorcerers
  64 ugly things
  4 salamanders (Depths:4)
  5 cyclopes
  22 orb spiders
  A moth of wrath (shapeshifter) (Vaults:2)
  17 moths of wrath
  13 manticores
  2 ice statues (IceCv)
  6 black mambas
  3 elephants (Lair:2)
  Psyche (D:12)
  13 fauns (Shoals:4)
  11 merfolk sirens
  An orange demon (Depths:2)
  18 vault sentinels
  2 rust devils
  A black mamba (shapeshifter) (Depths:2)
  Joseph (D:8)
  4 gargoyles
  5 torpor snails
  5 water nymphs
  10 cane toads
  A spectral redback (Spider:4)
  14 freezing wraiths
  5 rime drakes
  2 tormentors
  An efreet (D:15)
  A yaktaur (shapeshifter) (Depths:4)
  A kobold demonologist (D:15)
  13 demonic crawlers
  2 redback zombies (Spider:4)
  38 yaktaurs
  42 jumping spiders
  An ice devil (Depths:3)
  4 komodo dragons
  A red devil (Depths:2)
  3 tengu conjurers
  25 merfolk
  10 trolls
  4 wind drakes
  2 meliai (shapeshifter)
  8 polar bears
  17 hornets
  5 slime creatures (Depths:2)
  12 snapping turtles
  5 spectral jumping spiders (Spider:4)
  A tarantella zombie (Spider:4)
  26 blink frogs
  5 spectral tarantellas (Spider:4)
  2 jumping spider zombies (Spider:4)
  A dream sheep (shapeshifter) (Depths:5)
  8 dream sheep
  A fire giant simulacrum (Vaults:3)
  A meliai zombie (D:11)
  27 flying skulls
  4 air elementals
  2 ettin skeletons (Vaults:3)
  12 wraiths
  49 tarantellas
  5 wyverns
  83 redbacks
  A spriggan (shapeshifter) (Vaults:4)
  A vampire (D:9)
  18 spriggans
  71 yaks
  14 water elementals
  2 shadows (D:15)
  A yak (shapeshifter) (Vaults:4)
  4 fire elementals
  9 basilisks
  2 golden eyes (shapeshifter)
  Grum (D:11)
  2 vampire mosquitoes (D:14)
  A basilisk (shapeshifter) (Vaults:1)
  A steam dragon (D:10)
  The ghost of EnegeticOcto the Chiller, an amateur GnIE of Cheibriados (D:5)
  9 wargs
  Edmund (D:4)
  4 acid dragons
  20 water moccasins
  A soldier ant (D:14)
  A floating eye (shapeshifter) (Vaults:5)
  4 hell hounds (D:11)
  2 spectral hornets (Spider:4)
  Duvessa (D:4)
  2 human zombies (Vaults:3)
  Purgy (D:4)
  3 black bears
  56 orc warriors
  21 ice beasts
  2 phantoms (D:7)
  2 sky beasts
  29 ogres
  A necrophage (D:7)
  36 wolves
  An eye of draining (D:8)
  8 boggarts
  15 centaurs
  A big kobold (shapeshifter) (Vaults:3)
  Blork the orc (D:5)
  24 bullfrogs
  4 earth elementals
  A wyvern zombie (D:11)
  4 scorpions
  Dowan (D:4)
  An elf simulacrum (Vaults:3)
  9 killer bees
  5 wights
  2 howler monkeys
  5 electric eels
  6 centaur zombies
  3 quasits
  A bullfrog zombie (D:9)
  5 jellies
  30 orc priests
  9 hounds
  A bullfrog skeleton (D:6)
  6 centaur skeletons
  7 iguanas
  11 worker ants
  39 orc wizards
  3 killer bee zombies
  A howler monkey skeleton (D:6)
  12 adders
  2 shadow imps (D:10)
  2 white imps
  4 ufetubi
  An ooze (D:5)
  An adder zombie (D:6)
  An adder skeleton (D:7)
  6 worms
  3 dart slugs
  3 leopard geckos
  128 orcs
  2 ball pythons
  7 bats
  5 giant cockroaches
  15 goblins
  4 hobgoblins
  13 jackals
  8 kobolds
  4 quokkas
  2 frilled lizards (D:2)
  A leopard gecko zombie (D:7)
  A quokka simulacrum (D:6)
  9 rats
  A spectral orc (D:8)
  A crawling corpse (Vaults:4)
  22 tentacles
2359 creatures vanquished.

Vanquished Creatures (others)
  A fire giant (Depths:5)
  2 vault wardens
  A deep elf knight (Vaults:4)
  An orb spider (Spider:2)
  A demonic crawler (Spider:1)
  An air elemental (Elf:1)
  A fire elemental (Elf:2)
  An orc warrior (Vaults:5)
  2 ogres
  A centaur (D:8)
  An orc (Vaults:4)
  A goblin (D:14)
  3 crawling corpses
  34 fungi
  137 plants
  48 tentacles
236 creatures vanquished.

Grand Total: 2595 creatures vanquished

Notes
Turn   | Place    | Note
-------+----------+-------------------------------------------
     0 | D:1      | EnegeticOcto the Tengu Earth Elementalist began the quest
                  | for the Orb.
     0 | D:1      | Reached XP level 1. HP: 10/10 MP: 4/4
   254 | D:1      | Reached XP level 2. HP: 15/15 MP: 4/6
   333 | D:1      | Reached skill level 3 in Stealth
   686 | D:1      | Reached XP level 3. HP: 19/19 MP: 4/7
   690 | D:1      | Learned a level 3 spell: Stone Arrow
  1297 | D:2      | Reached skill level 1 in Conjurations
  1433 | D:2      | Reached skill level 2 in Conjurations
  2168 | D:2      | Reached XP level 4. HP: 24/24 MP: 8/8
  2482 | D:3      | Reached skill level 3 in Conjurations
  2782 | D:3      | Reached skill level 4 in Conjurations
  2887 | D:3      | You fall into a shaft and drop 3 floors!
  2965 | D:6      | Found a broken altar of Ashenzari.
  2988 | D:5      | Entered Level 5 of the Dungeon
  3402 | D:4      | Gained mutation: You can fly continuously. [Tengu growth]
  3402 | D:4      | Reached XP level 5. HP: 14/28 MP: 5/9
  3600 | D:4      | Reached skill level 5 in Conjurations
  3734 | D:4      | Found a sacrificial altar of Ru.
  3773 | D:4      | Reached skill level 6 in Conjurations
  3778 | D:4      | Noticed Duvessa
  3778 | D:4      | Noticed Dowan
  3836 | D:4      | Killed Dowan
  3837 | D:4      | Reached XP level 6. HP: 25/32 MP: 2/10
  3861 | D:4      | Killed Duvessa
  3862 | D:4      | Reached skill level 7 in Conjurations
  3870 | D:4      | Became a worshipper of Ru the Awakened
  4273 | D:4      | Reached skill level 8 in Conjurations
  4296 | D:4      | Reached XP level 7. HP: 36/36 MP: 11/11
  4744 | D:4      | Noticed Purgy
  4781 | D:4      | Killed Purgy
  4782 | D:4      | Reached skill level 9 in Conjurations
  5057 | D:5      | Reached skill level 1 in Fighting
  5057 | D:5      | Reached skill level 1 in Shields
  5084 | D:5      | Found a glowing silver altar of Zin.
  5091 | D:5      | Noticed Blork the orc
  5120 | D:5      | Killed Blork the orc
  5282 | D:5      | Reached skill level 2 in Fighting
  5282 | D:5      | Reached skill level 2 in Shields
  5377 | D:5      | Found a hide-covered altar of Uskayaw.
  5457 | D:5      | Noticed Edmund
  5781 | D:5      | Noticed Pikel
  5838 | D:4      | Killed Pikel
  5839 | D:4      | Reached skill level 3 in Fighting
  5839 | D:4      | Reached skill level 4 in Shields
  5839 | D:4      | Reached skill level 3 in Spellcasting
  5839 | D:4      | Reached XP level 8. HP: 42/46 MP: 1/13
  5937 | D:4      | Killed Edmund
  6268 | D:5      | Reached skill level 3 in Earth Magic
  6383 | D:5      | Found an iron altar of Okawaru.
  6517 | D:6      | Reached skill level 10 in Conjurations
  6789 | D:6      | Gained mutation: You are somewhat inexperienced. (-2 XL)
                  | [Ru sacrifice]
  6789 | D:6      | Reached XP level 7. HP: 41/41 MP: 5/12
  6789 | D:6      | Reached XP level 6. HP: 37/37 MP: 5/11
  6789 | D:6      | Reached * piety under Ru
  6789 | D:6      | Reached ** piety under Ru
  6918 | D:6      | Found a runed translucent gate.
  6918 | D:6      | Found a runed translucent gate.
  6920 | D:6      | Found a runed translucent gate.
  6923 | D:6      | Noticed EnegeticOcto's ghost (amateur GnIE)
  6981 | D:6      | Reached XP level 7. HP: 41/41 MP: 8/12
  7000 | D:6      | Got a faintly humming leather armour
  7032 | D:6      | Reached skill level 4 in Earth Magic
  7032 | D:6      | Reached skill level 1 in Armour
  7168 | D:6      | Reached skill level 3 in Dodging
  7264 | D:6      | Reached skill level 2 in Armour
  7453 | D:6      | Reached XP level 8. HP: 48/48 MP: 3/13
  7520 | D:6      | Reached skill level 4 in Fighting
  7714 | D:6      | Identified the cursed +1 leather armour "Picaownudi"
                  | {Slay+3} (You found it on level 6 of the Dungeon)
  7931 | D:6      | Found a shimmering blue altar of Sif Muna.
  7941 | D:6      | Reached skill level 3 in Armour
  8314 | D:5      | Killed EnegeticOcto's ghost
  8315 | D:5      | Reached skill level 4 in Dodging
  8933 | D:7      | Found a staircase to the Ecumenical Temple.
  8976 | D:7      | Reached skill level 4 in Armour
  9015 | D:7      | Reached skill level 5 in Fighting
  9015 | D:7      | Reached skill level 1 in Maces & Flails
  9250 | D:7      | Found Feam's Distillery.
  9256 | D:7      | Bought 2 potions of curing for 78 gold pieces
  9256 | D:7      | Bought a potion of curing for 39 gold pieces
  9272 | D:7      | Reached skill level 2 in Maces & Flails
  9272 | D:7      | Reached XP level 9. HP: 54/54 MP: 5/15
  9597 | D:7      | Reached skill level 3 in Maces & Flails
  9722 | D:7      | Reached skill level 4 in Spellcasting
  9743 | D:7      | Reached skill level 6 in Fighting
  9952 | D:7      | Found Wuckuiblal's General Store.
  9986 | D:7      | Bought a scroll of teleportation for 39 gold pieces
 10083 | D:8      | Noticed Joseph
 10085 | D:8      | Gained mutation: You cannot study or use magical devices.
                  | [Ru sacrifice]
 10085 | D:8      | Reached *** piety under Ru
 10085 | D:8      | Reached **** piety under Ru
 10285 | D:8      | Noticed a moth of wrath
 10288 | D:8      | Found a bloodstained altar of Trog.
 10346 | D:8      | Learned a level 2 spell: Passwall
 10611 | D:8      | Reached skill level 4 in Maces & Flails
 11325 | D:8      | Killed Joseph
 11442 | D:8      | Found a basalt altar of Yredelemnul.
 11959 | D:9      | Reached XP level 10. HP: 48/61 MP: 11/18
 12027 | D:9      | Noticed a centaur warrior
 12033 | D:9      | Reached skill level 5 in Spellcasting
 12399 | D:9      | Reached skill level 7 in Fighting
 12399 | D:9      | Reached skill level 5 in Maces & Flails
 12424 | D:9      | Noticed Erolcha
 12607 | D:8      | Reached skill level 6 in Maces & Flails
 12613 | D:9      | Killed Erolcha
 12614 | D:9      | Reached skill level 8 in Fighting
 12614 | D:9      | Reached skill level 7 in Maces & Flails
 12824 | D:9      | Gained mutation: Your magical capacity is low. (-10% MP)
                  | [Ru sacrifice]
 12824 | D:9      | Reached ***** piety under Ru
 12909 | D:9      | Found a blossoming altar of Fedhas.
 13566 | D:9      | Killed a centaur warrior
 13567 | D:9      | Reached skill level 9 in Fighting
 13567 | D:9      | Reached skill level 2 in Slings
 13669 | D:9      | Got a jewelled tower shield
 13680 | D:9      | Identified the +1 tower shield "Vurynod" {Str+3 Dex+4} (You
                  | found it on level 9 of the Dungeon)
 13712 | D:9      | Reached XP level 11. HP: 71/71 MP: 17/17
 13744 | D:9      | Found a sparkling altar of Nemelex Xobeh.
 13897 | D:10     | Entered Level 10 of the Dungeon
 14251 | D:10     | Reached skill level 3 in Slings
 14394 | D:10     | Found a staircase to the Lair.
 14437 | D:10     | Gained mutation: Your casting is slightly disrupted. [Ru
                  | sacrifice]
 14441 | D:10     | Reached skill level 8 in Maces & Flails
 14461 | D:10     | Reached skill level 5 in Shields
 14613 | D:10     | Noticed a cyclops
 14622 | D:10     | Killed a cyclops
 14623 | D:10     | Reached skill level 4 in Slings
 14918 | Lair:1   | Entered Level 1 of the Lair of Beasts
 15200 | Lair:1   | Reached skill level 10 in Fighting
 15333 | Lair:1   | Reached skill level 6 in Shields
 15344 | Lair:1   | Reached skill level 9 in Maces & Flails
 15587 | Lair:1   | Gained mutation: You cannot drink potions while threatened.
                  | [Ru sacrifice]
 15587 | Lair:1   | Reached ****** piety under Ru
 15770 | D:5      | Fell from the grace of Ru
 15770 | D:5      | Became a worshipper of Warmaster Okawaru
 16341 | Lair:1   | Reached XP level 12. HP: 75/77 MP: 18/18
 16344 | Lair:1   | Reached skill level 1 in Invocations
 16649 | Lair:2   | Reached * piety under Okawaru
 16650 | Lair:2   | Reached skill level 7 in Shields
 16935 | Lair:2   | Reached skill level 2 in Invocations
 16954 | Lair:2   | Reached skill level 10 in Maces & Flails
 17222 | Lair:2   | Reached ** piety under Okawaru
 17250 | Lair:2   | Reached skill level 3 in Invocations
 17719 | Lair:2   | Found a runed translucent door.
 17733 | Lair:2   | Noticed Suk Xiy's ghost (journeyman DrTm)
 17735 | Lair:2   | Identified the +2 trident of Uskayaw's Castigation {elec,
                  | rC- Str+7 Dex+3}
 17798 | Lair:2   | Found a staircase to the Shoals.
 18291 | Lair:3   | Found a runed translucent door.
 18371 | Lair:3   | Reached *** piety under Okawaru
 18372 | Lair:3   | Reached skill level 8 in Shields
 18715 | Lair:3   | Reached skill level 4 in Invocations
 19332 | Lair:3   | Reached **** piety under Okawaru
 20028 | Lair:3   | Noticed a six-headed hydra
 20089 | Lair:4   | Reached skill level 11 in Maces & Flails
 20104 | Lair:4   | Received a gift from Okawaru
 20151 | Lair:4   | Identified a scroll of acquirement
 20151 | Lair:4   | Acquired the ring "Qutrer" {rC+ EV+4 Str-2 Dex+5 Slay+3}
 20207 | Lair:4   | Reached skill level 5 in Invocations
 20223 | Lair:4   | Reached skill level 9 in Shields
 20228 | Lair:4   | Reached skill level 1 in Throwing
 20228 | Lair:4   | Reached XP level 13. HP: 72/82 MP: 17/19
 20347 | Lair:4   | Reached ***** piety under Okawaru
 20418 | Lair:4   | Got a steaming scale mail
 20551 | Lair:4   | Reached skill level 2 in Throwing
 21210 | Lair:4   | Found a hole to the Spider Nest.
 21289 | Lair:4   | Identified the +1 scale mail of Intercession {*Slow Dex+5}
                  | (You found it on level 4 of the Lair of Beasts)
 21545 | Lair:5   | Reached skill level 3 in Throwing
 21554 | Lair:5   | Received a gift from Okawaru
 21560 | Lair:5   | Reached skill level 6 in Invocations
 22134 | Lair:5   | Reached skill level 12 in Maces & Flails
 22134 | Lair:5   | Reached skill level 4 in Throwing
 22353 | Lair:5   | Reached skill level 10 in Shields
 22411 | Lair:5   | Got a coiled golden ring
 22776 | Lair:5   | Found a viscous altar of Jiyva.
 22777 | Lair:5   | Found a staircase to the Slime Pits.
 22821 | Lair:5   | Identified the ring of Isoirir {rF+ rC- Dex+6 Stlth-} (You
                  | found it on level 5 of the Lair of Beasts)
 22915 | Lair:5   | Acquired the ring "Fiamp" {+Blink rElec Str+6 Int+4 Dex-2}
 23018 | Lair:6   | Entered Level 6 of the Lair of Beasts
 23220 | Lair:6   | Received a gift from Okawaru
 23223 | Lair:6   | Got an encrusted ring mail {god gift}
 23268 | Lair:5   | Identified the +1 ring mail "Eppur" {*Drain rCorr Str+4}
                  | (Okawaru gifted it to you on level 6 of the Lair of Beasts)
 24276 | Lair:6   | Found a runed translucent gate.
 24276 | Lair:6   | Found a runed translucent gate.
 24276 | Lair:6   | Found a runed translucent gate.
 24278 | Lair:6   | Noticed Acheron's ghost (novice TrAE)
 24321 | Lair:6   | Reached skill level 5 in Throwing
 24469 | Lair:6   | Reached skill level 5 in Armour
 24469 | Lair:6   | Reached skill level 5 in Dodging
 24469 | Lair:6   | Reached XP level 14. HP: 50/87 MP: 13/20
 24604 | Lair:6   | Received a gift from Okawaru
 24732 | Lair:5   | bye double slaying rings
 25110 | Lair:6   | Reached skill level 7 in Invocations
 25584 | Lair:5   | Reached skill level 6 in Armour
 25885 | Lair:6   | Killed Acheron's ghost
 25886 | Lair:6   | Reached skill level 6 in Throwing
 26384 | D:11     | Noticed Grum
 26397 | D:11     | Killed Grum
 26781 | D:11     | Found a staircase to the Orcish Mines.
 27066 | D:12     | Noticed Josephine
 27081 | D:11     | Killed Josephine
 27182 | D:11     | Reached ****** piety under Okawaru
 27183 | D:11     | Reached skill level 8 in Invocations
 27244 | D:12     | Received a gift from Okawaru
 27245 | D:12     | Reached skill level 11 in Fighting
 27425 | D:12     | Found a runed translucent gate.
 27425 | D:12     | Found a runed translucent gate.
 27425 | D:12     | Found a runed translucent gate.
 27439 | D:12     | Found an opulent altar of Gozag.
 27443 | D:12     | Noticed a stone giant
 27443 | D:12     | Noticed Afrar's ghost (journeyman FoFi)
 27446 | D:12     | Found Usienta's Assorted Antiques.
 27481 | D:12     | Received a gift from Okawaru
 27482 | D:12     | Reached skill level 11 in Shields
 27903 | D:12     | Noticed Urug
 27916 | D:12     | Killed Urug
 27941 | D:12     | Found the +3 giant club "Skullcrusher" {speed, Str+7}
 27977 | D:12     | Noticed Psyche
 27987 | D:12     | Killed Psyche
 28077 | D:12     | Reached skill level 7 in Armour
 28105 | D:12     | Reached XP level 15. HP: 89/95 MP: 21/21
 28171 | D:12     | Reached skill level 7 in Throwing
 28627 | Orc:1    | Entered Level 1 of the Orcish Mines
 28627 | Orc:1    | Noticed Harold
 28820 | D:13     | Reached skill level 9 in Invocations
 29079 | D:13     | Found a gate to the Vaults.
 29213 | D:13     | Received a gift from Okawaru
 29729 | D:14     | Found a flagged portal.
 29735 | Bailey   | Entered a bailey
 29821 | Bailey   | Received a gift from Okawaru
 29913 | Bailey   | Reached skill level 8 in Armour
 30190 | D:14     | Reached skill level 8 in Throwing
 30364 | D:14     | Found a shimmering altar of Xom.
 30986 | D:15     | Entered Level 15 of the Dungeon
 31095 | D:15     | Reached skill level 12 in Fighting
 31103 | D:15     | Reached skill level 12 in Shields
 31301 | D:15     | Found a glowing golden altar of the Shining One.
 31387 | D:15     | Reached skill level 9 in Armour
 31435 | D:15     | Found a staircase to the Depths.
 31453 | D:15     | Received a gift from Okawaru
 31902 | D:15     | Reached XP level 16. HP: 86/101 MP: 22/22
 31920 | D:15     | Reached skill level 9 in Throwing
 32142 | D:15     | Found Gairph's Assorted Antiques.
 32162 | D:15     | Bought a scroll of blinking for 195 gold pieces
 32448 | Orc:1    | Killed Harold
 32656 | Orc:2    | Entered Level 2 of the Orcish Mines
 32661 | Orc:2    | Received a gift from Okawaru
 32700 | Orc:2    | Found a frozen archway.
 32720 | IceCv    | Entered an ice cave
 33308 | Orc:1    | Noticed Erica
 33313 | Orc:1    | Killed Erica
 33342 | Orc:1    | Reached skill level 10 in Armour
 33518 | Orc:1    | Found a burning altar of Makhleb.
 34012 | Orc:2    | Found Cevoif's Weapon Emporium.
 34012 | Orc:2    | Found Voiloruts's Antique Weapon Shoppe.
 34035 | Orc:2    | Found Onuaqukhloy's Armour Emporium.
 34035 | Orc:2    | Found Bercheod's Magic Scroll Shoppe.
 34298 | Orc:2    | Found a staircase to the Elven Halls.
 34629 | D:15     | Bought 2 potions of heal wounds for 260 gold pieces
 34629 | D:15     | Bought a pitted crystal plate armour for 2210 gold pieces
 34629 | D:15     | Bought a scroll of teleportation for 78 gold pieces
 34639 | D:15     | Identified the +10 crystal plate armour of Yesterday {rC++
                  | Dex+4} (You bought it in a shop on level 15 of the Dungeon)
 34805 | Orc:2    | Bought a scroll of magic mapping for 49 gold pieces
 34805 | Orc:2    | Bought a scroll of magic mapping for 49 gold pieces
 34805 | Orc:2    | Bought a scroll of teleportation for 42 gold pieces
 34805 | Orc:2    | Bought a scroll of teleportation for 42 gold pieces
 34805 | Orc:2    | Bought 3 scrolls of identify for 84 gold pieces
 34805 | Orc:2    | Bought 3 scrolls of identify for 84 gold pieces
 34811 | Orc:2    | Reached skill level 13 in Fighting
 34811 | Orc:2    | Reached skill level 10 in Throwing
 34811 | Orc:2    | Reached XP level 17. HP: 109/109 MP: 23/23
 35005 | Lair:2   | Killed Suk Xiy's ghost
 35174 | Shoals:1 | Entered Level 1 of the Shoals
 35174 | Shoals:1 | Noticed Aizul
 35194 | Lair:2   | Killed Aizul
 35219 | Lair:2   | HP: 5/109 [poisoned by Aizul (bolt of poison)]
 35225 | Lair:2   | HP: 4/109 [poisoned by Aizul (bolt of poison)]
 35231 | Lair:2   | HP: 4/109 [poisoned by Aizul (bolt of poison)]
 35239 | Lair:2   | HP: 4/109 [poisoned by Aizul (bolt of poison)]
 35619 | Lair:2   | Acquired the ring of Wariness {rPois Dex+6}
 35632 | Shoals:1 | Received a gift from Okawaru
 35649 | Shoals:1 | Reached skill level 13 in Shields
 37048 | Shoals:2 | Reached skill level 11 in Armour
 37231 | Shoals:2 | Noticed a kraken
 37250 | Shoals:2 | Killed a kraken
 37250 | Shoals:2 | Received a gift from Okawaru
 37902 | Shoals:3 | Reached skill level 14 in Fighting
 37902 | Shoals:3 | Reached XP level 18. HP: 101/116 MP: 18/23
 39168 | Shoals:3 | Reached skill level 12 in Armour
 39242 | Shoals:3 | Received a gift from Okawaru
 39278 | Shoals:3 | Reached skill level 14 in Shields
 39703 | Spider:1 | Entered Level 1 of the Spider Nest
 40763 | Spider:1 | Received a gift from Okawaru
 40764 | Spider:1 | Reached skill level 15 in Fighting
 41159 | Spider:1 | Reached skill level 13 in Armour
 41433 | Spider:2 | Received a gift from Okawaru
 42013 | Spider:2 | Reached XP level 19. HP: 66/124 MP: 19/24
 42470 | Spider:3 | Reached skill level 15 in Shields
 43397 | Spider:4 | Entered Level 4 of the Spider Nest
 43451 | Spider:3 | Received a gift from Okawaru
 43910 | Spider:4 | Reached skill level 14 in Armour
 43935 | Spider:4 | Reached skill level 11 in Throwing
 44240 | Spider:4 | Noticed caaleb's ghost (adept DsGl)
 44291 | Spider:4 | Found a runed translucent gate.
 44292 | Spider:4 | Found a runed translucent gate.
 44293 | Spider:4 | Found a runed translucent gate.
 44540 | Spider:4 | Received a gift from Okawaru
 44696 | Spider:4 | Received a gift from Okawaru
 44716 | Spider:4 | Reached skill level 16 in Fighting
 45841 | Spider:4 | Got a gossamer rune of Zot
 45983 | Spider:4 | Killed caaleb's ghost
 46031 | Spider:4 | Got a crude golden ring
 46033 | Spider:4 | Identified the ring of Buzuluq {rF+ Will+ Str+3} (You found
                  | it on level 4 of the Spider Nest)
 46301 | Shoals:4 | Entered Level 4 of the Shoals
 46308 | Shoals:4 | Received a gift from Okawaru
 46317 | Shoals:4 | Reached XP level 20. HP: 127/132 MP: 25/25
 46417 | Shoals:4 | Reached skill level 16 in Shields
 46442 | Shoals:4 | Reached skill level 12 in Throwing
 46762 | Shoals:4 | Got a barnacled rune of Zot
 46847 | Shoals:4 | Reached skill level 15 in Armour
 47240 | Shoals:4 | Received a gift from Okawaru
 48177 | Vaults:1 | Entered Level 1 of the Vaults
 48247 | Vaults:1 | Found Zabriba's Book Shop.
 48274 | Vaults:1 | Found a huge runed gate.
 48274 | Vaults:1 | Found a huge runed gate.
 48274 | Vaults:1 | Found a huge runed gate.
 48274 | Vaults:1 | Found a huge runed gate.
 48274 | Vaults:1 | Found a huge runed gate.
 48274 | Vaults:1 | Found a huge runed gate.
 48278 | Vaults:1 | Found a huge runed gate.
 48278 | Vaults:1 | Found a huge runed gate.
 48278 | Vaults:1 | Found a huge runed gate.
 48280 | Vaults:1 | Found a huge runed gate.
 48280 | Vaults:1 | Found a huge runed gate.
 48280 | Vaults:1 | Found a huge runed gate.
 48280 | Vaults:1 | Found a huge runed gate.
 48280 | Vaults:1 | Found a huge runed gate.
 48280 | Vaults:1 | Found a huge runed gate.
 48281 | Vaults:1 | Found a huge runed gate.
 48282 | Vaults:1 | Found a huge runed gate.
 48283 | Vaults:1 | Found a huge runed gate.
 48291 | Vaults:1 | Found a huge runed gate.
 48291 | Vaults:1 | Found a huge runed gate.
 48291 | Vaults:1 | Found a huge runed gate.
 48291 | Vaults:1 | Found a huge runed gate.
 48291 | Vaults:1 | Found a huge runed gate.
 48291 | Vaults:1 | Found a huge runed gate.
 48291 | Vaults:1 | Found a huge runed gate.
 48292 | Vaults:1 | Found a huge runed gate.
 48293 | Vaults:1 | Found a huge runed gate.
 48301 | Vaults:1 | Found a huge runed gate.
 48301 | Vaults:1 | Found a huge runed gate.
 48301 | Vaults:1 | Found a huge runed gate.
 48301 | Vaults:1 | Found a huge runed gate.
 48301 | Vaults:1 | Found a huge runed gate.
 48301 | Vaults:1 | Found a huge runed gate.
 48301 | Vaults:1 | Found a huge runed gate.
 48302 | Vaults:1 | Found a huge runed gate.
 48303 | Vaults:1 | Found a huge runed gate.
 48309 | Vaults:1 | Received a gift from Okawaru
 48384 | Vaults:1 | Found Luosarch's Antique Armour Shop.
 48780 | Vaults:1 | Found Nuunemop's Book Emporium.
 49037 | Vaults:1 | Found Uco Qocs's Gadget Shoppe.
 49042 | Vaults:1 | Found Wyops's Distillery.
 49047 | Vaults:1 | Bought a potion of haste for 170 gold pieces
 49047 | Vaults:1 | Bought a potion of cancellation for 136 gold pieces
 49047 | Vaults:1 | Bought a potion of heal wounds for 85 gold pieces
 49464 | Vaults:2 | Received a gift from Okawaru
 50044 | Vaults:2 | Identified the +0 pair of gloves of Dramatic Exits {Str+4
                  | Dex+6 Slay+3} (You found it on level 2 of the Vaults)
 50174 | Vaults:2 | Received a gift from Okawaru
 50371 | Vaults:2 | Reached skill level 17 in Fighting
 51800 | Vaults:3 | Reached skill level 13 in Throwing
 51892 | Vaults:3 | Received a gift from Okawaru
 51893 | Vaults:3 | Reached XP level 21. HP: 116/139 MP: 26/26
 51957 | Vaults:3 | Reached skill level 16 in Armour
 52177 | Vaults:3 | Found Qineshuh's Assorted Antiques.
 52209 | Vaults:3 | Bought a scroll labelled IGIURO APETI for 33 gold pieces
 52334 | Vaults:3 | Reached skill level 17 in Shields
 52475 | Vaults:3 | Received a gift from Okawaru
 52971 | Vaults:3 | Received a gift from Okawaru
 53658 | Vaults:3 | Found a staircase to the Crypt.
 53813 | Vaults:4 | Received a gift from Okawaru
 53863 | Vaults:4 | Noticed Mara
 53872 | Vaults:4 | Killed Mara
 54023 | Vaults:4 | Received a gift from Okawaru
 54026 | Vaults:4 | Identified the +8 plate armour of the Yeti {Int+2} (Okawaru
                  | gifted it to you on level 4 of the Vaults)
 54454 | Vaults:4 | Reached skill level 14 in Throwing
 55140 | Vaults:4 | Reached skill level 17 in Armour
 55157 | Vaults:4 | Reached XP level 22. HP: 141/146 MP: 27/27
 55166 | Vaults:4 | Reached skill level 18 in Fighting
 55392 | Vaults:4 | Received a gift from Okawaru
 55649 | Vaults:4 | Received a gift from Okawaru
 55888 | Elf:1    | Entered Level 1 of the Elven Halls
 55935 | Elf:1    | Received a gift from Okawaru
 55943 | Elf:1    | Received a gift from Okawaru
 55953 | Elf:1    | Reached skill level 6 in Dodging
 56114 | Elf:1    | Identified the Papyrus of Summoning
 56434 | Elf:1    | Found an ancient bone altar of Kikubaaqudgha.
 56637 | Elf:1    | Reached skill level 7 in Dodging
 56749 | Elf:1    | Reached skill level 18 in Shields
 56864 | Elf:1    | Found a flickering gateway to a bazaar.
 57004 | Bazaar   | Entered a bazaar
 57031 | Bazaar   | Found Wuizxoaj's Antique Weapon Emporium.
 57044 | Bazaar   | Found Fyinuich's Antique Weapon Shoppe.
 57059 | Bazaar   | Found Vidwok's Antique Armour Shoppe.
 57070 | Bazaar   | Found Haf Neim's Antique Armour Emporium.
 57091 | Bazaar   | Bought a pearl-encrusted plate armour for 504 gold pieces
 57091 | Bazaar   | Bought a faintly humming plate armour for 504 gold pieces
 57091 | Bazaar   | Identified the +10 plate armour of the Sacrificial Victim
                  | {Harm +Blink SInv Stlth-} (You bought it in a shop in a
                  | bazaar)
 57092 | Bazaar   | Identified the cursed +1 plate armour of the Eternal Void
                  | {rC+} (You bought it in a shop in a bazaar)
 57333 | Elf:2    | Found a runed translucent gate.
 57333 | Elf:2    | Found a runed translucent gate.
 57337 | Elf:2    | Found a runed translucent gate.
 57401 | Elf:2    | Found Deuha's General Store.
 57449 | Elf:2    | Bought a scroll of fog for 22 gold pieces
 57449 | Elf:2    | Bought a potion of resistance for 110 gold pieces
 57449 | Elf:2    | Bought a scroll of teleportation for 33 gold pieces
 57625 | Elf:2    | Received a gift from Okawaru
 57757 | Elf:2    | Found a portal to a secret trove of treasure.
 58131 | Depths:1 | Entered Level 1 of the Depths
 58230 | Depths:1 | Reached skill level 8 in Dodging
 58344 | Depths:1 | Found Xabuasche's Changing Room.
 58508 | Depths:1 | Reached XP level 23. HP: 79/153 MP: 22/28
 58510 | Depths:1 | Reached skill level 15 in Throwing
 58520 | Depths:1 | Reached skill level 9 in Dodging
 58526 | Depths:1 | Received a gift from Okawaru
 58978 | Depths:1 | Found a gateway to Hell.
 59102 | Depths:1 | Found a runed translucent door.
 59226 | Depths:1 | Found a roughly hewn altar of Beogh.
 59378 | Depths:2 | Reached skill level 10 in Invocations
 59436 | Depths:2 | Found a corrupted altar of Lugonu.
 59808 | Depths:2 | Reached skill level 10 in Dodging
 59864 | Depths:2 | Received a gift from Okawaru
 59865 | Depths:2 | Reached skill level 18 in Armour
 60525 | Depths:2 | Found a one-way gate leading to the halls of Pandemonium.
 60540 | Depths:2 | Reached skill level 11 in Dodging
 60914 | Depths:2 | Found Lunem Cucs's Elemental Accessories.
 61070 | Depths:3 | Received a gift from Okawaru
 61151 | Depths:3 | Gained mutation: Armour fits poorly on your strangely
                  | shaped body. [a cacodemon]
 61152 | Depths:3 | Received a gift from Okawaru
 61157 | Depths:3 | Lost mutation: Armour fits poorly on your strangely shaped
                  | body. [potion of mutation]
 61157 | Depths:3 | Gained mutation: You are partially covered in thin metallic
                  | scales. (AC +2) [potion of mutation]
 61157 | Depths:3 | Gained mutation: You are dopey. (Int -2) [potion of
                  | mutation]
 61157 | Depths:3 | Gained mutation: Scrolls take you a little longer to read.
                  | [potion of mutation]
 61157 | Depths:3 | Gained mutation: Your flesh is cold resistant. (rC+)
                  | [potion of mutation]
 61355 | Depths:3 | Received a gift from Okawaru
 61495 | Depths:3 | Reached XP level 24. HP: 155/156 MP: 28/28
 61720 | Depths:3 | Received a gift from Okawaru
 61721 | Depths:3 | Reached skill level 19 in Fighting
 61798 | Depths:3 | You are sucked into a shaft and drop 2 floors!
 61798 | Depths:5 | Entered Level 5 of the Depths
 61885 | Depths:5 | Found a gateway to a ziggurat.
 61897 | Depths:5 | Reached skill level 12 in Dodging
 61911 | Depths:5 | Reached skill level 11 in Invocations
 62696 | Depths:5 | Received a gift from Okawaru
 62755 | Depths:5 | Found a gate to the Realm of Zot.
 63137 | Depths:5 | Found a runed translucent door.
 63140 | Depths:5 | Found a radiant altar of Vehumet.
 63140 | Depths:5 | Noticed an ancient lich
 63244 | Depths:4 | Reached skill level 19 in Shields
 63292 | Depths:4 | Found Ywugoace's Gadget Emporium.
 63292 | Depths:4 | Found Xuevomer's Jewellery Boutique.
 63293 | Depths:4 | Found Pamad's Jewellery Boutique.
 63303 | Depths:4 | Bought the amulet "Leqaun" {Faith Str+7 Int-2} for 1035
                  | gold pieces
 63323 | Depths:4 | Reached skill level 13 in Dodging
 63327 | Depths:4 | Found a one-way gate to the infinite horrors of the Abyss.
 63328 | Depths:4 | Noticed Louise
 63344 | Depths:4 | Killed Louise
 64008 | Depths:4 | Reached XP level 25. HP: 155/166 MP: 29/29
 64244 | Depths:4 | Received a gift from Okawaru
 64384 | Depths:4 | Got a brightly glowing iron amulet
 64424 | Depths:4 | Identified the amulet "Fyluv" {Faith rPois Int+4} (You
                  | found it on level 4 of the Depths)
 64934 | Vaults:5 | Entered Level 5 of the Vaults
 64945 | Vaults:4 | Reached skill level 19 in Armour
 64945 | Vaults:4 | Reached skill level 14 in Dodging
 65234 | Vaults:5 | Noticed Margery
 65240 | Vaults:5 | Reached skill level 12 in Invocations
 65280 | Vaults:4 | Killed Margery
 65429 | Vaults:4 | Received a gift from Okawaru
 65605 | Vaults:4 | Reached skill level 15 in Dodging
 65719 | Vaults:4 | Received a gift from Okawaru
 65841 | Vaults:5 | Identified Sif Muna's Catalogue of Feathery Flames
 66082 | Vaults:5 | Got a faintly glowing ivory ring
 66098 | Vaults:5 | Identified the ring "Fuelueq" {rCorr Dex+3} (You found it
                  | on level 5 of the Vaults)
 66116 | Vaults:5 | Got a silver rune of Zot
 66155 | Vaults:5 | Received a gift from Okawaru
 66397 | Vaults:5 | Reached skill level 20 in Fighting
 66456 | Vaults:5 | Received a gift from Okawaru
 66500 | Vaults:5 | Reached skill level 16 in Dodging
 66883 | Vaults:5 | Reached skill level 20 in Shields
 67116 | Vaults:5 | Identified the +5 chain mail of Defence {+Inv}
 67364 | Vaults:5 | Reached skill level 20 in Armour
 67467 | Vaults:5 | Found Wonum's Weapon Shoppe.
 68221 | Zot:1    | Entered Level 1 of the Realm of Zot
 68228 | Depths:5 | Learned a level 3 spell: Portal Projectile
 68576 | Elf:3    | Entered Level 3 of the Elven Halls
 68604 | Elf:3    | Received a gift from Okawaru
 68764 | Elf:3    | Reached skill level 1 in Translocations
 68819 | Elf:3    | Found Mogim's Gadget Boutique.
 68822 | Elf:3    | Reached skill level 1 in Hexes
 68946 | Elf:3    | Received a gift from Okawaru
 68947 | Elf:3    | Reached skill level 2 in Translocations
 68951 | Elf:3    | Reached skill level 2 in Hexes
 68968 | Elf:3    | Received a gift from Okawaru
 68987 | Elf:3    | Reached skill level 3 in Translocations
 69258 | Elf:3    | Reached skill level 3 in Hexes
 69291 | Elf:3    | Identified the +5 double sword of the Abyss {venom, *Drain
                  | rC+ Int+5 SInv}
 69291 | Elf:3    | Identified the ring "Woatex" {Dex+5 Stlth+}
 69298 | Elf:3    | Reached skill level 4 in Translocations
 69317 | Elf:3    | Identified the +10 flail of Bile {protect, Will+}
 69319 | Elf:3    | Identified the +5 hand axe "Ipoaxud" {chaos, Will+++}
 69320 | Elf:3    | Reached skill level 4 in Hexes
 69350 | Elf:3    | Received a gift from Okawaru
 69520 | Elf:3    | Reached skill level 5 in Translocations
 69543 | Elf:3    | Received a gift from Okawaru
 69574 | Elf:3    | Reached skill level 5 in Hexes
 69707 | Elf:3    | Identified the +6 quarterstaff of Termination {vorpal, rF+
                  | rN+ Str-4 Int+2}
 69727 | Elf:3    | Identified the Almanac of Sinister Poison
 69775 | Elf:3    | Identified the cursed +0 war axe "Nomaet" {vorpal, +Rage
                  | +Inv rF- Str+3}
 70233 | Depths:5 | Reached skill level 6 in Translocations
 70435 | Zot:1    | Reached skill level 6 in Hexes
 70441 | Zot:1    | Received a gift from Okawaru
 70670 | Depths:5 | Reached skill level 17 in Dodging
 71197 | Zot:1    | Received a gift from Okawaru
 71407 | Zot:1    | Received a gift from Okawaru
 72742 | Zot:5    | Entered Level 5 of the Realm of Zot
 72883 | Zot:5    | Reached skill level 21 in Fighting
 72883 | Zot:5    | Reached skill level 18 in Dodging
 73297 | Zot:5    | Received a gift from Okawaru
 73333 | Zot:5    | Received a gift from Okawaru
 73341 | Zot:5    | Reached skill level 21 in Armour
 73787 | Zot:5    | Noticed an ancient lich
 73790 | Zot:5    | Killed an ancient lich
 73798 | Zot:5    | Noticed an ancient lich
 74071 | Zot:5    | Killed an ancient lich
 74223 | Zot:5    | Noticed an orb of fire
 74224 | Zot:5    | Gained mutation: You are partially covered in icy blue
                  | scales. (AC +2) [an orb of fire]
 74244 | Zot:5    | Gained mutation: Scrolls take you longer to read. [an orb
                  | of fire]
 74246 | Zot:5    | Killed an orb of fire
 74247 | Zot:5    | Lost mutation: Scrolls take you longer to read. [potion of
                  | mutation]
 74247 | Zot:5    | Lost mutation: Scrolls take you a little longer to read.
                  | [potion of mutation]
 74247 | Zot:5    | Lost mutation: You are partially covered in thin metallic
                  | scales. (AC +2) [potion of mutation]
 74247 | Zot:5    | Gained mutation: You have a pair of small horns on your
                  | head. [potion of mutation]
 74247 | Zot:5    | Gained mutation: You are occasionally teleported next to
                  | monsters. [potion of mutation]
 74247 | Zot:5    | Gained mutation: You have sharp fingernails. [potion of
                  | mutation]
 74247 | Zot:5    | Gained mutation: You are agile. (Dex +2) [potion of
                  | mutation]
 74275 | Zot:5    | Noticed a Killer Klown
 74275 | Zot:5    | Noticed an ancient lich
 74275 | Zot:5    | Noticed a Killer Klown
 74275 | Zot:5    | Noticed a Killer Klown
 74275 | Zot:5    | Noticed a Killer Klown
 74275 | Zot:5    | Noticed an orb of fire
 74275 | Zot:5    | Noticed a Killer Klown
 74275 | Zot:5    | Noticed a Killer Klown
 74282 | Zot:5    | Got the Orb of Zot
 74286 | Zot:5    | Lost mutation: You have a pair of small horns on your head.
                  | [potion of mutation]
 74286 | Zot:5    | Lost mutation: You are dopey. (Int -2) [potion of mutation]
 74286 | Zot:5    | Gained mutation: You are frail. (-10% HP) [potion of
                  | mutation]
 74286 | Zot:5    | Gained mutation: Your flesh is heat resistant. (rF+)
                  | [potion of mutation]
 74287 | Zot:5    | Lost mutation: You have sharp fingernails. [potion of
                  | mutation]
 74287 | Zot:5    | Lost mutation: You are partially covered in icy blue
                  | scales. (AC +2) [potion of mutation]
 74287 | Zot:5    | Lost mutation: Your flesh is heat resistant. (rF+) [potion
                  | of mutation]
 74287 | Zot:5    | Lost mutation: You are frail. (-10% HP) [potion of
                  | mutation]
 74287 | Zot:5    | Gained mutation: You are partially covered in slimy green
                  | scales. (AC +2) [potion of mutation]
 74287 | Zot:5    | Gained mutation: You have a somewhat thin skeletal
                  | structure. (Dex +2, Stealth) [potion of mutation]
 74288 | Zot:5    | Lost mutation: You have a somewhat thin skeletal structure.
                  | (Dex +2, Stealth) [potion of mutation]
 74288 | Zot:5    | Lost mutation: Your flesh is cold resistant. (rC+) [potion
                  | of mutation]
 74288 | Zot:5    | Gained mutation: Your movements are slightly less
                  | encumbered by armour. (ER -2) [potion of mutation]
 74288 | Zot:5    | Gained mutation: You are partially covered in molten
                  | scales. (AC +2) [potion of mutation]
 74289 | Zot:5    | Lost mutation: Your movements are slightly less encumbered
                  | by armour. (ER -2) [potion of mutation]
 74289 | Zot:5    | Lost mutation: You are agile. (Dex +2) [potion of mutation]
 74289 | Zot:5    | Lost mutation: You are partially covered in molten scales.
                  | (AC +2) [potion of mutation]
 74289 | Zot:5    | Gained mutation: You are partially covered in iridescent
                  | scales. (AC +2) [potion of mutation]
 74289 | Zot:5    | Gained mutation: Your flesh is heat resistant. (rF+)
                  | [potion of mutation]
 74290 | Zot:5    | Lost mutation: You are occasionally teleported next to
                  | monsters. [potion of mutation]
 74290 | Zot:5    | Lost mutation: Your flesh is heat resistant. (rF+) [potion
                  | of mutation]
 74290 | Zot:5    | Lost mutation: You are partially covered in iridescent
                  | scales. (AC +2) [potion of mutation]
 74290 | Zot:5    | Lost mutation: You are partially covered in slimy green
                  | scales. (AC +2) [potion of mutation]
 74290 | Zot:5    | Gained mutation: You are partially covered in iridescent
                  | scales. (AC +2) [potion of mutation]
 74290 | Zot:5    | Gained mutation: You have a somewhat thin skeletal
                  | structure. (Dex +2, Stealth) [potion of mutation]
 74303 | Zot:5    | Noticed Oklymmyme the pandemonium lord
 74893 | D:$      | Escaped with the Orb!

Illustrated notes

.....#..#.#..#.#.....#.....##
.......[............##......#
P...................###.....#
............................#
....................##.....##
..[....#.###.P#......##.....##
#....##### ####.....##.......#
P.>..## #P.....#.....###
......# #.@...##.....##
#.....# ##......#.....#
.....## #.....##.....P# .....#
##.............## #....#
#.#......#......# #....##
###......#......# ......#
#.............## ......##
##.............# .......#
###...........P##


Turn 24732 on Lair:5: bye double slaying rings

Levels and vault maps discovered:
D:1:      lemuel_arrival_cross, layout_loops_ring
D:2:      layout_basic
D:3:      layout_loops_corners, minmay_surrounded
D:4:      layout_gridville, general_overflow_altar, minmay_strange_pillars,
          guppyfry_early_lair_pool, uniq_purgy, uniq_duvessa
D:5:      layout_loops_ring, grunt_temple_overflow_open,
          kennysheep_okawaru_gauntlet, nrook_uturn, uniq_edmund,
          uniq_blork_the_orc, uniq_pikel
D:6:      kennysheep_orc_sif_temple, layout_loops_ring,
          gammafunk_ghost_necromancy, nicolae_ashenzari_panopticon
D:7:      layout_rooms, minmay_temple_entry_metal_lava, serial_shops, shop,
          shop, minmay_fractal_squares_gapless_5
D:8:      layout_loops_cross, tgw_trog, yredelemnul_forgotten_temple_becter,
          kennysheep_generic_room_15, uniq_joseph
D:9:      layout_loops_ring, overflow_temple_1_default, old_standard_altar,
          minmay_radiant, uniq_erolcha
D:10:     layout_rooms, erik_lair_island
D:11:     layout_long_grid, orc_0_dummy, dk_noncrumbling_3, uniq_grum
D:12:     layout_cave_pools, ebering_ghost_gozag,
          minmay_guarded_unrand_skullcrusher, uniq_urug, uniq_psyche,
          uniq_josephine
D:13:     layout_loops_ring, lightli_vaults_fourway_checkpoint,
          hangedman_glass_teeth
D:14:     layout_irregular_city, enter_bailey_3, tgw_xom
D:15:     hangedman_depths_entry_civil_slaughter, layout_stronghold,
          serial_shops, shop_fountains, nicolae_tso_swordbearing_angel
Lair:1:   layout_regular_city
Lair:2:   layout_misc_corridors, elwin_shoals_entry_rocks,
          ebering_ghost_funeral_grove, minmay_lair_oklob_chamber
Lair:3:   layout_layer_cave, ldierk_geyser, chequers_serial_rivers_small_3,
          small_statue_intersection, minmay_holes,
          chequers_serial_rivers_small_b, pf_torpor_hydra,
          infiniplex_staircase_pool
Lair:4:   layout_roguey, spider_nest_entry_funnel_web, serial_rivers,
          chequers_serial_rivers_micro_e, chequers_serial_rivers_marsh,
          chequers_serial_rivers_small_3, chequers_serial_rivers_marsh,
          chequers_serial_rivers_large_a, chequers_serial_rivers_small_a,
          st_stairs_8
Lair:5:   layout_long_grid, slime_altar_1, grunt_megastairs_5
Lair:6:   minmay_lair_end_enchanted_forest, layout_gridlike,
          gammafunk_ghost_hydra_chop
Shoals:1: layout_shoals, uniq_aizul
Shoals:2: layout_shoals, nicolae_shoals_flooded_hall
Shoals:3: layout_shoals
Shoals:4: shoals_end_grunt_garden, layout_shoals, nicolae_shoals_seven_spires
Spider:1: layout_spider_delve, drop_trap, nicolae_spider_nook
Spider:2: layout_spider_delve
Spider:3: nicolae_spider_corner
Spider:4: floodkiller_spider_rune_tomb, gammafunk_ghost_split, drop_trap,
          guppyfry_spider_mini_1
Orc:1:    layout_caves, basic_altar, uniq_erica, uniq_harold
Orc:2:    st_orc_mages, layout_caves, portal_ice_cave_rime,
          nicolae_orc_sculptors_studio
Elf:1:    elf_arrival_001, layout_gridlike, basic_altar, serial_shops,
          freezing_bzr, minmay_elf_demonology, grunt_megastairs_2
Elf:2:    layout_onion_city, trove_entry_hex_spiral, serial_shops, shop,
          feat_on_display, uniq_donald
Elf:3:    minmay_elf_hall_spiked, layout_rooms, serial_shops,
          nicolae_shop_crystal
Vaults:1: vaults_not_door_vault_due, grunt_vaults_funnel,
          vaults_mumra_chevron_long, nicolae_vaults_rhombus_5, serial_ice_m,
          vaults_room_door_hall, vaults_dpeg_spiral,
          nicolae_vaults_circle_grid_b, layout_vaults_omnigrid, serial_shops,
          nicolae_shop_waterfront, shop, shop, nicolae_shop_trees,
          nicolae_shop_trees
Vaults:2: v_misc_19, v_misc_15, vaults_standard_mumra_x, v_alt_pattern_2,
          v_misc_9, grunt_vaults_focal, vaults_room_door_ring,
          ontoclasm_vaults_loading_screen, nicolae_vaults_gold_heap,
          hangedman_vaults_pinch, st_more_cells, nicolae_vaults_sealed_display,
          ontoclasm_vaults_chip, vaults_dpeg_ring, nicolae_vaults_circle_grid_b,
          v_misc_13, vaults_dpeg_encased_lava, layout_vaults_maze_bifur
Vaults:3: hangedman_vaults_variations, v_pattern_4,
          minmay_crypt_entry_simple_box, vaults_room_corners,
          hangedman_vaults_stretched_pinwheel, ontoclasm_vaults_twist,
          vaults_mumra_hex, nicolae_vaults_yaktaur_gun_rack,
          ontoclasm_vaults_chip, layout_vaults_chaotic_city, serial_shops, shop
Vaults:4: grunt_vaults_bifocal, hangedman_vaults_nails, ontoclasm_vaults_fault,
          hangedman_vaults_locks, vaults_mumra_minichess,
          nicolae_vaults_little_squares_5, v_rooms_2, hangedman_vaults_stagger,
          nicolae_vaults_network_periphery, grunt_vaults_hallway_short,
          vaults_room_fancy_cross, nicolae_vaults_c_with_doors,
          layout_vaults_omnibox, uniq_mara
Vaults:5: uniq_margery
Depths:1: layout_cave_shapes, hell_entry, grunt_decor_fettered,
          nicolae_transmutations_shop, hangedman_decor_peaks_small, drop_trap,
          lightli_church_of_beogh
Depths:2: grunt_deathspiral_large, layout_gridlike, hell_entry,
          chequers_hall_statues_corner_a, rand_demon_pan_entry_8,
          chequers_hall_statues_wall_a, roderic_roman_lattice,
          nicolae_elemental_shop, serial_sigils_hangedman_confine,
          tgw_lugonu_bribe
Depths:3: minmay_thick_lines, layout_honeycomb, minmay_misc_feat_diagonals,
          rand_demon_pan_entry_3, hell_entry
Depths:4: minmay_tri_box, layout_cave_pools, rand_demon_pan_entry_4,
          nicolae_abyss_entry_one_way_or_another, grunt_mini_vestibule,
          hangedman_abyss_or_decor_passed, minmay_shop_grove
Depths:5: grunt_zot_entry_alcove, layout_basic, enter_ziggurat_e, hell_entry,
          chequers_serial_rivers_large_b, grunt_absolute_annihilation
Zot:1:    lemuel_draconian_sentries, layout_onion_interference,
          st_small_dragon_hoard_1
Zot:2:    layout_misc_corridors, nrook_zot_tub
Zot:3:    kennysheep_bubbly, layout_twisted_circle, lemuel_golem_globe
Zot:4:    layout_gridlike
Zot:5:    layout_onion

Skill      XL: |  1  2  3  4  5  6  7  8  9 10 11 12 13 14 15 16 17 18 19 20 21 22 23 24 25 |
---------------+----------------------------------------------------------------------------+-----
Stealth        | 3 |  3.0
Conjurations   | 2 4 6 8 9 10 | 10.0
Fighting       | 3 5 6 9 10 11 12 13 14 15 16 17 18 19 21 | 21.4
Shields        | 4 6 9 10 11 12 13 14 15 16 17 18 19 20 | 20.0
Spellcasting   | 3 4 5 |  5.0
Earth Magic    | 4 3 |  4.0
Armour         | 2 4 5 7 9 10 11 13 14 15 17 18 21 | 21.3
Dodging        | 3 4 5 8 11 13 18 | 18.7
Maces & Flails | 2 4 7 9 11 12 | 12.0
Slings         | 2 4 |  4.0
Invocations    | 5 6 8 9 10 11 12 | 12.0
Throwing       | 1 5 6 8 10 11 13 14 15 | 15.8
Translocations | 6 |  6.0
Hexes          | 6 |  6.0
Transmutations | |  0.7

Action                   |  1- 3 |  4- 6 |  7- 9 | 10-12 | 13-15 | 16-18 | 19-21 | 22-24 | 25-27 || total
-------------------------+-------+-------+-------+-------+-------+-------+-------+-------+-------++-------
Melee: Unarmed           |    48 |       |       |       |       |       |       |       |       ||    48
       Kick              |    15 |    11 |    27 |    48 |   476 |   523 |   945 |   884 |   626 ||  3555
       Peck              |    11 |     1 |    13 |    25 |   306 |   281 |   555 |   529 |   380 ||  2101
       Short sword       |    20 |       |       |       |       |       |       |       |       ||    20
       Quarterstaff      |     9 |    37 |     6 |       |       |       |       |       |       ||    52
       Spear             |       |       |    39 |       |       |       |       |       |       ||    39
       Flail             |       |       |    93 |   139 |    29 |       |       |       |       ||   261
       Demon whip        |       |       |       |       |   990 |  1032 |  1443 |  1414 |  1014 ||  5893
 Fire: Hunting sling     |       |       |       |   350 |   238 |       |       |       |       ||   588
Throw: Boomerang         |       |    30 |    72 |     4 |    66 |   399 |   496 |   163 |   483 ||  1713
       Javelin           |       |       |       |       |       |     7 |       |       |    11 ||    18
 Cast: Sandblast         |    31 |    41 |    11 |     1 |       |       |       |       |       ||    84
       Stone Arrow       |       |     3 |   112 |    33 |       |       |       |       |       ||   148
       Portal Projectile |       |       |       |       |       |       |       |       |     6 ||     6
Invok: Sacrifice Experie |       |     1 |       |       |       |       |       |       |       ||     1
       Sacrifice Artific |       |       |     1 |       |       |       |       |       |       ||     1
       Sacrifice Essence |       |       |       |     2 |       |       |       |       |       ||     2
       Power Leap        |       |       |       |     3 |       |       |       |       |       ||     3
       Sacrifice Drink   |       |       |       |     1 |       |       |       |       |       ||     1
       Heroism           |       |       |       |     3 |    14 |    16 |    20 |    12 |    27 ||    92
       Finesse           |       |       |       |       |     6 |     9 |     8 |     2 |    14 ||    39
 Abil: Fly               |       |     1 |       |       |       |       |       |       |     1 ||     2
       Stop Flying       |       |       |       |       |       |       |       |       |     1 ||     1
  Use: Scroll            |     7 |     5 |     9 |     6 |    25 |    11 |     8 |     5 |    20 ||    96
       Potion            |       |     5 |       |       |       |     2 |     2 |     1 |    11 ||    21
 Stab: Sleeping          |     5 |     1 |     5 |     1 |       |       |       |       |       ||    12
       Invisible         |       |       |     1 |       |       |       |     1 |       |       ||     2
       Petrified         |       |       |       |       |     5 |       |       |       |       ||     5
       Petrifying        |       |       |       |       |     1 |       |       |       |       ||     1
Armor: Robe              |    13 |     3 |     1 |       |       |       |       |       |       ||    17
       Troll leather arm |       |       |     5 |       |       |       |       |       |       ||     5
       Leather armour    |       |       |     7 |    31 |    13 |       |       |       |       ||    51
       Crystal plate arm |       |       |       |       |   311 |   352 |   485 |   207 |   220 ||  1575
Dodge: Dodged            |    59 |    36 |    86 |   102 |   162 |   219 |   337 |   300 |   313 ||  1614
Block: Buckler           |       |       |    19 |     8 |       |       |       |       |       ||    27
       Tower shield      |       |       |       |   136 |   759 |   926 |  1252 |   995 |   898 ||  4966
